 Dungeon Crawl Stone Soup version 0.17.2-1-ge4368a0 (webtiles) character file.

1540 Goblin1989 the Cutter (level 8, 0/44 HPs)
             Began as a Vine Stalker Berserker on July 27, 2016.
             Was a Believer of Trog.
             Succumbed to a killer bee's poison
             ... on level 9 of the Dungeon.
             The game lasted 00:10:12 (857 turns).

Goblin1989 the Cutter (Vine Stalker Berserker)       Turns: 857, Time: 00:10:13

Health: 0/44       AC: 10    Str: 21    XL:     8   Next: 86%
Magic:  2/9        EV:  9    Int:  7    God:    Trog [**....]
Gold:   50         SH:  0    Dex: 15    Spells: 0 memorised, 7 levels left

rFire  . . .     SeeInvis .     a - +1 short sword
rCold  . . .     Clarity  .     k - +0 chain mail
rNeg   . . .     SustAt   .     (no shield)
rPois  .         Gourm    .     (no helmet)
rElec  .         Spirit   +     (no cloak)
rCorr  .         Warding  .     (no gloves)
rMut   .         Stasis   .     h - +0 pair of boots
MR     +....                    (no amulet)
Stlth  ..........               (no ring)
                                (no ring)

@: lethally poisoned (0 -> 0), exhausted, very slightly contaminated, slowed,
very slow, somewhat resistant to hostile enchantments, extremely unstealthy
A: fangs 3, regeneration 2, magic shield, antimagic bite, no device heal 3, rot
immunity
a: Berserk, Trog's Hand, Burn Spellbooks, Renounce Religion


You were on level 9 of the Dungeon.
You worshipped Trog.
Trog was pleased with you.
You were not hungry.

You visited 1 branch of the dungeon, and saw 9 of its levels.

You collected 50 gold pieces.

Inventory:

Hand Weapons
 a - a +1 short sword (weapon)
Armour
 h - a +0 pair of boots (worn)
 k - a +0 chain mail (worn)
Scrolls
 i - a scroll of enchant weapon
 m - 2 scrolls of fog {unknown}
Potions
 e - a potion of brilliance
 n - a potion of degeneration
Comestibles
 c - 2 bread rations
 d - 2 fruits


   Skills:
 + Level 5.6 Fighting
 * Level 7.3 Short Blades
 + Level 4.5 Armour
 - Level 2.4 Dodging


You had 7 spell levels left.
You didn't know any spells.

Dungeon Overview and Level Annotations

Branches:
Dungeon (9/15)                Orc (0/4) D:9
 Temple: D:4-7         Lair: D:8-11

Altars:

Shops:
D:5 [


Innate Abilities, Weirdness & Mutations

You have razor-sharp teeth.
You heal very quickly.
When hurt, damage is shared between your health and your magic reserves.
Your bite disrupts and absorbs the magic of your enemies.
Potions and wands cannot restore your health.
You are immune to rotting.


Message History

The orc hits you but does no damage. x2
The hippogriff bites you but does no damage.
The hippogriff pecks you but does no damage.
The hippogriff claws you.
You now have 4/9 mp.
You barely miss the hippogriff.
You bite the hippogriff, but do no damage.
The hippogriff is heavily wounded.
The orc warrior hits you from afar with a trident.
* * * LOW HITPOINT WARNING * * *
The orc barely misses you. The orc hits you with a dagger.
The hippogriff bites you but does no damage.
The hippogriff pecks you but does no damage.
The hippogriff claws you but does no damage.
The orc hits you but does no damage. The orc warrior barely misses you.
You take 1 damage, and have 1/44 hp.
You now have 0/9 mp.
You hit the hippogriff. You bite the hippogriff. You drain its power.
You feel invigorated.
The hippogriff is severely wounded.
You die...

########
#...oo@#
#....Ho#
#....oo#
#...(<.#
#......#
#......#
###.....
...8...
.........


You could see a hippogriff, an orc warrior and 4 orcs.

Vanquished Creatures
  A two-headed ogre (D:8)
  The ghost of Goblin1989 the Cutter, an amateur VSBe of Trog (D:5)
  A hippogriff (D:7)
  An orc warrior (D:7)
  An ice beast (D:7)
  2 giant frogs (D:7)
  8 killer bees (D:8)
  A hound (D:4)
  2 crimson imps
  Ijyb (D:3)
  A giant frog zombie (D:8)
  7 worker ants
  A killer bee zombie (D:5)
  2 adders (D:4)
  A shadow imp (D:8)
  An ooze (D:4)
  A worm (D:2)
  5 orcs
  A bat (D:3)
  A giant cockroach (D:3)
  2 quokkas
  A ball python (D:3)
  A giant gecko skeleton (D:4)
  A giant newt (D:3)
  2 goblins (D:3)
  A quokka zombie (D:7)
48 creatures vanquished.

Notes
Turn   | Place    | Note
--------------------------------------------------------------
     0 | D:1      | Goblin1989 the Vine Stalker Berserker began the quest for the Orb.
     0 | D:1      | Reached XP level 1. HP: 11/11 MP: 2/2
    59 | D:3      | Noticed Ijyb
    77 | D:3      | Killed Ijyb
    77 | D:3      | Reached skill level 3 in Fighting
    77 | D:3      | Reached XP level 2. HP: 4/16 MP: 3/3
    77 | D:3      | Reached XP level 3. HP: 5/20 MP: 4/4
   275 | D:4      | Reached XP level 4. HP: 6/24 MP: 5/5
   286 | D:4      | HP: 1/24 [poisoned by a worker ant]
   379 | D:4      | Reached XP level 5. HP: 15/28 MP: 2/6
   425 | D:5      | Entered Level 5 of the Dungeon
   425 | D:5      | Found Jisi Kugh's Armour Shoppe.
   425 | D:5      | Noticed Goblin1989's ghost (amateur VSBe)
   434 | D:5      | Killed Goblin1989's ghost
   434 | D:5      | Reached skill level 4 in Short Blades
   434 | D:5      | Gained mutation: You heal very quickly. [Vine Stalker growth]
   434 | D:5      | Reached XP level 6. HP: 33/33 MP: 4/7
   520 | D:7      | Noticed a hippogriff
   532 | D:7      | Killed a hippogriff
   532 | D:7      | Reached skill level 5 in Short Blades
   532 | D:7      | Reached XP level 7. HP: 20/37 MP: 5/8
   643 | D:7      | Reached ** piety under Trog
   691 | D:7      | Gained mutation: You have razor-sharp teeth. [Vine Stalker growth]
   691 | D:7      | Reached XP level 8. HP: 40/42 MP: 9/9
   702 | D:8      | Noticed a two-headed ogre
   710 | D:8      | Reached skill level 6 in Short Blades
   717 | D:8      | Killed a two-headed ogre
   717 | D:8      | Reached skill level 5 in Fighting
   815 | D:8      | Reached skill level 7 in Short Blades
   838 | D:9      | Found a staircase to the Orcish Mines.
   854 | D:9      | HP: 1/44 [orc warrior/trident (2)]
   857 | D:9      | Succumbed to a killer bee's poison

Action                   |  1- 3 |  4- 6 |  7- 9 || total
-------------------------+-------+-------+-------++-------
Melee: Short sword       |    54 |    57 |   109 ||   220
Invok: Berserk           |     2 |     1 |     4 ||     7
       Trog's Hand       |       |       |     1 ||     1
  Use: Scroll            |       |       |     6 ||     6
       Potion            |       |       |     3 ||     3
 Stab: Sleeping          |     1 |       |       ||     1
  Eat: Meat ration       |       |     1 |     1 ||     2
       Chunk             |       |       |     1 ||     1
